 Dungeon Crawl Stone Soup version 0.30-a0-142-g7370640ec8 (webtiles) character file.

Game seed: 18163747029726108077

285 qw the Chopper (level 6, -4/38 HPs)
             Began as a Gargoyle Fighter on Sept 25, 2022.
             Slain by a gnoll
             ... wielding a +0 spear
             ... led by a gnoll sergeant
              (5 damage)
             ... on level 5 of the Dungeon.
             The game lasted 00:01:03 (3762 turns).

qw the Chopper (Gargoyle Fighter)                   Turns: 3762, Time: 00:01:04

Health: -4/38      AC: 11    Str: 22    XL:     6   Next: 29%
Magic:  6/6        EV:  9    Int:  8    God:
Gold:   91         SH:  4    Dex:  9    Spells: 5/5 levels left

rFire   . . .      SeeInvis .    Y - +0 war axe
rCold   . . .      Faith    .    c - +0 buckler
rNeg    + . .      Spirit   .    b - +0 scale mail
rPois   inf        Reflect  .    (no helmet)
rElec   +          Harm     .    (no cloak)
rCorr   .          Rampage  .    (no gloves)
Will    .....                    (no boots)
Stlth   ..........               e - amulet of the acrobat
HPRegen 0.12/turn                (no ring)
MPRegen 0.10/turn                (no ring)

@: no status effects
A: sickness immunity, AC +4, negative energy resistance 1, electricity
resistance, torment resistance 1, petrification resistance
a: no special abilities


You were on level 5 of the Dungeon.
You visited 1 branch of the dungeon, and saw 5 of its levels.

You collected 166 gold pieces.
You spent 75 gold pieces at shops.


Innate Abilities, Weirdness & Mutations

You are immune to sickness and miasma.
Your stone body is resilient. (AC +4)
You are immune to poison.
You resist negative energy. (rN+)
You are resistant to electric shocks. (rElec)
You are resistant to unholy torment.
You are immune to petrification.


   Skills:
 - Level 4.1 Fighting
 + Level 5.2 Axes
 - Level 3.2 Armour
 - Level 1.1 Dodging
 - Level 3.2 Shields


You had 5 spell levels left.
You didn't know any spells.
Your spell library was empty.

Inventory:

Hand Weapons
 i - a +0 flail
 Y - a +0 war axe (weapon)
Armour
 b - a +0 scale mail (worn)
 c - a +0 buckler (worn)
Jewellery
 e - an amulet of the acrobat (around neck)
 g - a ring of ice
Scrolls
 f - a scroll of identify
Potions
 d - 4 potions of might
 h - 2 potions of curing

Dungeon Overview and Level Annotations

Branches:
Dungeon (5/15)
 Temple: D:4-7

Altars:
Gozag
Ru

Shops:
D:2 (   D:3 !

Annotations:
D:4 3 runed translucent doors, qw's ghost, novice GrFi


Message History

The gnoll sergeant hits you with a +0 spear!
The gnoll barely misses you. You block the gnoll's attack.
The gnoll closely misses you. You block the gnoll sergeant's attack.
The gnoll hits you but does no damage.
You hit the gnoll sergeant but do no damage.
The gnoll hits you but does no damage. x2
You hit the gnoll sergeant.
The gnoll sergeant is moderately wounded.
The gnoll sergeant hits you with a +0 spear.
The gnoll hits you from afar with a +0 spear.
You block the gnoll's attack.
You hit the gnoll sergeant but do no damage.
The gnoll sergeant is moderately wounded.
The gnoll sergeant barely misses you. You block the gnoll's attack.
The gnoll hits you from afar with a +0 spear.
You closely miss the gnoll sergeant.
The gnoll sergeant is moderately wounded.
A gnoll comes into view. It is wielding a +0 club.
The gnoll hits you but does no damage. x2; The gnoll barely misses you.
The gnoll sergeant hits you with a +0 spear.
The gnoll hits you from afar with a +0 spear.
The gnoll moves out of view.
You closely miss the gnoll sergeant.
The gnoll sergeant is moderately wounded.
You hear a shout!
The gnoll hits you but does no damage. The gnoll barely misses you.
You hear a shout!
You closely miss the gnoll sergeant.
The gnoll sergeant is moderately wounded.
You hear an angry hiss.
The gnoll sergeant hits you with a +0 spear.
The gnoll barely misses you. The gnoll closely misses you.
You hit the gnoll sergeant but do no damage.
The gnoll sergeant is lightly wounded.
The gnoll hits you but does no damage. You block the gnoll's attack.
The gnoll sergeant blocks your attack.
The gnoll sergeant is lightly wounded.
The gnoll sergeant closely misses you.
The gnoll hits you from afar with a +0 spear.
You die...

.....###...#.
..###...###.#
#.........## ###
..###...###.. ..###
..>....###.....
.###...###...###..%###..
#....g....###.........#
#sgg###...###...####
#@........####
####...#### #...####
#####


You could see a gnoll sergeant, a scorpion and 2 gnolls.

Vanquished Creatures
  A hound (D:5)
  2 jellies (D:4)
  2 iguanas (D:4)
  4 gnolls (D:3)
  3 adders
  An ufetubus (D:4)
  A worm (D:2)
  4 dart slugs
  5 endoplasms
  4 giant cockroaches
  5 hobgoblins
  7 jackals
  6 quokkas
  6 ball pythons
  5 bats
  A frilled lizard (D:3)
  3 goblins (D:2)
  2 kobolds (D:1)
  5 rats
67 creatures vanquished.

Notes
Turn   | Place    | Note
-------+----------+-------------------------------------------
     0 | D:1      | qw the Gargoyle Fighter began the quest for the Orb.
     0 | D:1      | Reached XP level 1. HP: 14/14 MP: 1/1
     0 | D:1      | 0 ||| qw: Version: 0.2-a-10-g399e6c4
     0 | D:1      | 0 ||| qw: Game counter: 403
     0 | D:1      | 0 ||| qw: Always use a shield: true
     0 | D:1      | 0 ||| qw: God list: Okawaru
     0 | D:1      | 0 ||| qw: Allow faded altars: false
     0 | D:1      | 0 ||| qw: Do Orc after D:15 true
     0 | D:1      | 0 ||| qw: Do second Lair branch before Depths: true
     0 | D:1      | 0 ||| qw: Lair rune preference: random
     0 | D:1      | 0 ||| qw: Plans: Normal, Zot:1-4, God:TSO, Crypt, Tomb,
                  | Pan, Slime:5, Hells, Abyss, Orb
     0 | D:1      | 0 ||| PLANNING D:1-11
   147 | D:1      | Reached skill level 2 in Axes
   289 | D:1      | Reached XP level 2. HP: 19/19 MP: 2/2
   444 | D:1      | 444 ||| Stepping ~*~*~tactically~*~*~ (hiding).
   810 | D:1      | 810 ||| READING scroll labelled OXUZXA RIOLYNIOMAT.
   811 | D:1      | 811 ||| READING scroll labelled MEUGIUG USEUB.
   881 | D:2      | Found an opulent altar of Gozag.
  1045 | D:2      | Reached skill level 3 in Axes
  1082 | D:2      | Reached XP level 3. HP: 23/23 MP: 3/3
  1115 | D:2      | 1115 ||| Stepping ~*~*~tactically~*~*~ (stealth).
  1153 | D:2      | 1153 ||| Stepping ~*~*~tactically~*~*~ (stealth).
  1174 | D:2      | 1174 ||| Stepping ~*~*~tactically~*~*~ (stealth).
  1207 | D:2      | 1207 ||| Stepping ~*~*~tactically~*~*~ (stealth).
  1208 | D:2      | 1208 ||| Stepping ~*~*~tactically~*~*~ (stealth).
  1213 | D:2      | Reached XP level 4. HP: 28/28 MP: 4/4
  1424 | D:2      | 1424 ||| Stepping ~*~*~tactically~*~*~ (stealth).
  1527 | D:2      | Found Tifoamu's Weapon Shop.
  1534 | D:2      | 1534 ||| BUYING +0 flail (45 gold).
  1534 | D:2      | Bought a +0 flail for 45 gold pieces
  1534 | D:2      | 1534 ||| SHOPLISTING +6 mace of Irritation {flame, Will+
                  | Str+4 Dex-2} (678 gold, have 35).
  1534 | D:2      | 1534 ||| DROPPING +0 whip.
  1535 | D:2      | 1535 ||| READING scroll labelled COKKOM HUNO.
  1536 | D:2      | 1536 ||| READING scroll labelled WOQOUQ BEADAINT.
  1597 | D:3      | Found Pesat's Distillery.
  1606 | D:3      | 1606 ||| BUYING potion of curing (30 gold).
  1606 | D:3      | Bought a potion of curing for 30 gold pieces
  1606 | D:3      | 1606 ||| SHOPLISTING potion of heal wounds (50 gold, have
                  | 5).
  1606 | D:3      | 1606 ||| SHOPLISTING potion of might (40 gold, have 5).
  1606 | D:3      | 1606 ||| SHOPLISTING potion of mutation (80 gold, have 5).
  1656 | D:3      | Reached skill level 4 in Axes
  1693 | D:3      | Found a faded altar of an unknown god.
  1724 | D:3      | 1724 ||| Stepping ~*~*~tactically~*~*~ (hiding).
  1730 | D:3      | 1730 ||| Stepping ~*~*~tactically~*~*~ (stealth).
  1738 | D:3      | HP: 7/28 [gnoll/+0 flail (3)]
  1741 | D:3      | HP: 2/28 [gnoll/+0 flail (2)]
  2087 | D:3      | Reached XP level 5. HP: 32/32 MP: 5/5
  2123 | D:3      | Found a sacrificial altar of Ru.
  2568 | D:4      | HP: 3/32 [iguana (6)]
  2570 | D:4      | Reached skill level 5 in Axes
  3139 | D:4      | 3139 ||| Stepping ~*~*~tactically~*~*~ (stealth).
  3168 | D:4      | Reached skill level 1 in Dodging
  3168 | D:4      | Reached XP level 6. HP: 30/38 MP: 6/6
  3486 | D:4      | Found a runed translucent gate.
  3487 | D:4      | Found a runed translucent gate.
  3487 | D:4      | Identified the +10 spear "Dragonslayer" {freeze, rElec
                  | Str+4}
  3487 | D:4      | Noticed qw's ghost (novice GrFi)
  3488 | D:4      | Found a runed translucent gate.
  3609 | D:4      | 3609 ||| UPGRADING to amulet of the acrobat.
  3614 | D:4      | 3614 ||| READING 2 scrolls labelled MACAEZEIPP.
  3615 | D:4      | 3615 ||| READING 2 scrolls of identify.
  3615 | D:4      | 3615 ||| IDENTIFYING golden potion
  3616 | D:4      | 3616 ||| DROPPING potion of brilliance.
  3617 | D:4      | 3617 ||| DROPPING scroll of vulnerability.
  3644 | D:5      | Entered Level 5 of the Dungeon
  3744 | D:5      | 3744 ||| Stepping ~*~*~tactically~*~*~ (hiding).
  3758 | D:5      | HP: 5/38 [gnoll sergeant/+0 spear (5)]
  3760 | D:5      | HP: 1/38 [gnoll sergeant/+0 spear (3)]
  3762 | D:5      | Slain by a gnoll

Levels and vault maps discovered:
D:1:      wander_arrival_peaceful_grave, layout_basic
D:2:      minmay_alternating_diamond, layout_rooms, basic_altar, serial_shops,
          shop_statue
D:3:      layout_rooms, nicolae_ru_sacrificial_ziggurat,
          chequers_ecumenical_altar_twisty, serial_shops, shop
D:4:      layout_basic, biasface_ghost_orc_armoury
D:5:      nicolae_BIG_FREAKIN_CUBE, layout_rooms

Skill      XL: |  1  2  3  4  5 |
---------------+----------------+-----
Axes           | 2 3 4 5 |  5.2
Fighting       | 4 |  4.1
Dodging        | 1 |  1.1
Armour         | |  3.2
Shields        | |  3.2

Action                   |  1- 3 |  4- 6 || total
-------------------------+-------+-------++-------
Melee: War axe           |    71 |   144 ||   215
  Use: Scroll            |     2 |     4 ||     6
Armor: Scale mail        |    37 |    70 ||   107
Dodge: Dodged            |    36 |    72 ||   108
Block: Buckler           |    11 |    25 ||    36

Table legend:
 A = Non-vault XP
 B = Vault XP
 C = Vault XP percentage of total XP
 D = Non-vault monster count
 E = Vault monster count
 F = Vault count percentage of total count
                 A         B        C        D         E       F
            +---------+---------+-------+---------+---------+-------
      Total |     385 |      23 |   5.6 |      63 |       4 |   6.0
            +---------+---------+-------+---------+---------+-------
        D:1 |      22 |       0 |   0.0 |      11 |       0 |   0.0
        D:2 |      48 |      23 |  32.4 |      21 |       4 |  16.0
        D:3 |      91 |       0 |   0.0 |      20 |       0 |   0.0
        D:4 |     182 |       0 |   0.0 |      10 |       0 |   0.0
        D:5 |      42 |       0 |   0.0 |       1 |       0 |   0.0
            +---------+---------+-------+---------+---------+-------
